 Dungeon Crawl Stone Soup version 0.22-a0-565-gfc6459a (webtiles) character file.

277 Amnesiac the Cutter (level 6, -1/32 HPs)
             Began as a Spriggan Fighter on June 28, 2018.
             Was a Follower of Ru.
             Slain by a gnoll
             ... wielding a +0 whip
              (8 damage)
             ... on level 3 of the Dungeon.
             The game lasted 00:08:11 (3349 turns).

Amnesiac the Cutter (Spriggan Fighter)              Turns: 3349, Time: 00:08:12

Health: -1/32      AC:  3    Str: 14    XL:     6   Next: 4%
Magic:  7/7        EV: 19    Int: 10    God:    Ru [*.....]
Gold:   114        SH:  7    Dex: 15    Spells: 5/5 levels left

rFire    . . .     SeeInvis +   a - +1 dagger (venom)
rCold    . . .     Gourm    .   c - +1 buckler
rNeg     . . .     Faith    .   b - +0 robe
rPois    .         Spirit   .   (helmet restricted)
rElec    .         Reflect  .   h - +0 cloak
rCorr    .         Harm     .   (gloves unavailable)
MR       .....                  (boots unavailable)
Stlth    +++.......             (no amulet)
HPRegen  0.10/turn              (no ring)
MPRegen  0.10/turn              (no ring)

@: very quick
A: very small, unfitting armour, see invisible, herbivore, speed 3, slow
metabolism 2, magic vulnerability 1
a: Renounce Religion


You were on level 3 of the Dungeon.
You worshipped Ru.
Ru was aware of your devotion.
You were not hungry.

You visited 1 branch of the dungeon, and saw 4 of its levels.

You collected 114 gold pieces.

Inventory:

Hand Weapons
 a - a +1 dagger of venom (weapon)
 j - a +0 rapier
 p - a +0 blowgun
Missiles
 o - a throwing net (quivered)
 q - 10 poisoned needles
Armour
 b - a +0 robe (worn)
 c - a +1 buckler (worn)
 h - a +0 cloak (worn)
Jewellery
 e - an uncursed ring of teleportation
Scrolls
 g - 2 scrolls of teleportation {!r}
 m - 2 scrolls of identify {!r}
 r - a scroll of amnesia {!r, unknown}
Potions
 d - a potion of might {!q}
 i - a potion of haste {!q, unknown}
 k - 2 potions of heal wounds {!q}
 l - a potion of invisibility {!q, unknown}
 n - a potion of brilliance {!q, unknown}
 s - a potion of curing {!q}
Comestibles
 f - 8 rations


   Skills:
 - Level 2.4 Fighting
 * Level 5.6 Short Blades
 - Level 4.4 Dodging
 + Level 5.6 Stealth
 - Level 2.1 Shields


You had 5 spell levels left.
You didn't know any spells.
Your spell library was empty.

Dungeon Overview and Level Annotations

Branches:
Dungeon (4/15)
 Temple: D:4-7

Altars:
Ashenzari
Kikubaaqudgha
Ru


Innate Abilities, Weirdness & Mutations

You are very small and have problems with some larger weapons.
You are too small for most types of armour.
You have supernaturally acute eyesight. (SInv)
You are a herbivore.
You cover ground extremely quickly.
You need to consume almost no food.
You are slightly vulnerable to magic. (MR-)


Message History

The teleport trap disappears.
Your surroundings seem slightly different.
Search for what [Enter for "need", or ? for help]?
Partly explored, can't reach some items.
Partly explored, can't reach some items.
There is an open door here.
There is an open door here.
There is an open door here.
There is a stone staircase leading down here.
You climb downwards. 5 gnolls, a phantom and a skeleton come into view.
The gnoll shouts! x4; You hear a bark!
Found a war axe and a scroll of identify.
Found a stone staircase leading down.
There is a stone staircase leading up here.
The phantom blinks!
The gnoll is stunned by your will and fails to attack.
You climb upwards.
There is a stone staircase leading down here.
You hit the gnoll but do no damage.
The gnoll is poisoned.
You hit the gnoll.
The gnoll looks as sick as possible!
The gnoll is moderately wounded.
You block the gnoll's attack.
You closely miss the gnoll.
The gnoll is heavily wounded.
The gnoll hits you!
You hit the gnoll.
The gnoll is almost dead.
The gnoll hits you but does no damage.
Your shield prevents you from hitting the gnoll.
The gnoll is almost dead.
You hit the gnoll.
You kill the gnoll!
You see here a whip.
Things that are here:
a leather armour; a whip You see here a flail.
There is a stone staircase leading down here.
You start resting.
HP restored.
You start resting.
HP restored.
You climb downwards.
Found a scroll of identify and a quarterstaff.
There is a stone staircase leading up here.
A worm comes into view.
The gnoll barely misses you. The ogre closely misses you.
You climb upwards.
There is a stone staircase leading down here.
You hit the gnoll.
The gnoll is poisoned.
The gnoll is lightly wounded.
The gnoll hits you with a whip.
You aren't carrying any items that you can evoke.
Unknown command.
You hit the ogre.
The ogre is lightly wounded.
The ogre hits you with a giant club!!
Ouch! That really hurt!
* * * LOW HITPOINT WARNING * * *
You block the gnoll's attack.
You hit the gnoll but do no damage.
The gnoll looks as sick as possible!
The gnoll is heavily wounded.
The gnoll hits you with a whip!
You die...

#...#..######..#.............
#.#.##........##........##...
#.#..###..................#..
#.##...###......#.###).......
#.####........÷##.....#......
#†# #########.######........
#.# #.# ##......# #.# ###.#
#......# #.# #@g.# ###....#)#
#.##########O### ##........#
#..............####..######.#
#######.........)[).##### #.#
#........####...>.# #.#
#........# #.....###.'
#........# #.........#
#........# #.....###.#
########## #.........#


You could see an ogre and a gnoll.

Vanquished Creatures
  An orc wizard (D:3)
  Crazy Yiuf (D:3)
  A gnoll shaman (D:3)
  5 gnolls (D:3)
  4 adders
  An ooze (D:2)
  2 worms (D:2)
  3 dart slugs
  A leopard gecko (D:3)
  8 orcs
  6 giant cockroaches
  7 hobgoblins
  12 kobolds
  2 quokkas (D:2)
  3 ball pythons
  12 bats
  7 frilled lizards
  8 goblins
  7 rats
91 creatures vanquished.

Notes
Turn   | Place    | Note
-------+----------+-------------------------------------------
     0 | D:1      | Amnesiac the Spriggan Fighter began the quest for the Orb.
     0 | D:1      | Reached XP level 1. HP: 11/11 MP: 2/2
   115 | D:2      | Found an ancient bone altar of Kikubaaqudgha.
   125 | D:2      | Reached skill level 1 in Stealth
   258 | D:2      | Reached XP level 2. HP: 14/16 MP: 3/3
   446 | D:3      | Found a sacrificial altar of Ru.
   452 | D:3      | Became a worshipper of Ru the Awakened
   858 | D:2      | Reached XP level 3. HP: 19/19 MP: 4/4
  1749 | D:2      | Reached XP level 4. HP: 10/23 MP: 5/5
  1762 | D:2      | Gained mutation: You are slightly vulnerable to magic. (MR-) [Ru sacrifice]
  1762 | D:2      | Reached * piety under Ru
  2329 | D:3      | Found a runed door.
  2386 | D:3      | Noticed Crazy Yiuf
  2400 | D:3      | Killed Crazy Yiuf
  2519 | D:3      | Reached XP level 5. HP: 26/27 MP: 6/6
  2633 | D:3      | Reached skill level 5 in Short Blades
  2633 | D:3      | Reached skill level 5 in Stealth
  3074 | D:3      | Found a shattered altar of Ashenzari.
  3131 | D:3      | Reached XP level 6. HP: 32/32 MP: 7/7
  3349 | D:3      | Slain by a gnoll

Vault maps used:
D:1:      dpeg_arrival_pond
D:2:      old_standard_altar, first_ration
D:3:      nicolae_ru_awakened_eye, cheibrodos_ashenzari_chains, minivault_23,
          st_stairs_6, corexii_item_surrounded_by_moat, minmay_door_square,
          minmay_randomly_rotated_circles, uniq_crazy_yiuf_cottage
D:4:      minmay_stone_trees_small, minmay_misc_feat_plants, minmay_quantized,
          uniq_robin

Skill      XL: |  1  2  3  4  5 |
---------------+----------------+-----
Stealth        | 2 3 4 5 |  5.6
Short Blades   | 3 4 5 |  5.6
Fighting       | |  2.4
Dodging        | |  4.4
Shields        | |  2.1

Action                   |  1- 3 |  4- 6 || total
-------------------------+-------+-------++-------
Melee: Rapier            |   118 |       ||   118
       Dagger            |    12 |   165 ||   177
Invok: Sacrifice Essence |       |     1 ||     1
  Use: Scroll            |     9 |       ||     9
       Potion            |     1 |       ||     1
 Stab: Sleeping          |    16 |     3 ||    19
       Distracted        |       |     2 ||     2
Armor: Robe              |     3 |    17 ||    20
Dodge: Dodged            |    71 |    86 ||   157
Block: Buckler           |    37 |    39 ||    76

Table legend:
 A = Spawn XP
 B = Non-spawn XP
 C = Spawn XP percentage of total XP
 D = Spawn monster count
 E = Non-spawn monster count
 F = Spawn count percentage of total count
 G = Total turns spent on level
                    A         B        C        D         E        F      G
               +---------+---------+-------+---------+---------+-------+---------
         Total |       0 |     396 |   0.0 |       0 |      91 |   0.0 |  3349
               +---------+---------+-------+---------+---------+-------+---------
           D:1 |       0 |      42 |   0.0 |       0 |      24 |   0.0 |   891
           D:2 |       0 |      62 |   0.0 |       0 |      24 |   0.0 |  1303
           D:3 |       0 |     292 |   0.0 |       0 |      43 |   0.0 |  1146
               +---------+---------+-------+---------+---------+-------+---------
